Map: New Repugnancy LE

Players

Reynor

  • Race: Zerg Zerg
  • League: Master
  • Spawn Location: 1:00

HeroMarine - Winner!

  • Race: Terran Terran
  • League: Master
  • Spawn Location: 7:00

Event: HomeStory Cup XIX

VOD

Have the link to the VOD?

Description

Time

  • Played on: June 29, 2019, 10:57 a.m.
  • Length: 29:37

All games in this series

Show
View Real Time Build Order
Export as new Build Order

Reynor Zerg 

Build Orders: Hatch First, Brood Lord Corruptor 

Get SALT Encoding   

  12  0:00  Drone  
  13  0:12  Overlord  
  13  0:17  Drone  
  14  0:30  Drone x2  
  16  0:48  Hatchery  
  15  0:51  Drone  
  15  0:55  Drone  
  17  0:58  Drone  
  18  1:09  Extractor  
  17  1:14  Spawning Pool  
  17  1:17  Drone  
  17  1:20  Drone  
  18  1:27  Drone  
  19  1:38  Drone  
  20  1:49  Drone  
  21  2:01  Zergling x4, Queen  
  23  2:06  Hatchery  
  24  2:15  Queen  
  24  2:22  Overlord  
  26  2:24  Drone  
  26  2:26  Drone  
  28  2:35  Metabolic Boost  
  28  2:40  Drone x2  
  28  2:41  Drone  
  31  2:47  Queen  
  33  2:53  Overlord  
  33  2:55  Drone  
  33  2:59  Drone  
  33  3:03  Drone  
  33  3:05  Drone  
  36  3:13  Zergling x2  
  36  3:15  Drone  
  36  3:16  Overlord  
  36  3:19  Drone  
  39  3:25  Queen  
  41  3:29  Drone x3  
  41  3:32  Zergling x6  
  47  3:43  Drone x3  
  47  3:48  Drone  
  48  3:52  Baneling Nest  
  48  3:53  Overlord  
  48  3:54  Drone  
  47  3:58  Zergling x4  
  47  3:59  Drone  
  47  4:01  Drone  
  51  4:03  Drone  
  51  4:05  Drone  
  51  4:09  Queen  
  55  4:13  Overlord  
  55  4:15  Drone  
  56  4:21  Drone x4  
  56  4:23  Drone  
  61  4:25  Drone  
  61  4:26  Drone  
  61  4:30  Drone  
  61  4:31  Drone  
  65  4:33  Zergling x4  
  65  4:34  Drone  
  68  4:39  Overlord  
  68  4:45  Lair  
  68  4:46  Drone x4  
  68  4:47  Drone  
  68  4:51  Extractor  
  68  4:52  Extractor  
  71  4:53  Overlord  
  71  4:54  Drone x2  
  73  5:01  Zergling x4  
  73  5:03  Overlord  
  75  5:10  Drone x5  
  75  5:12  Drone  
  80  5:16  Drone  
  80  5:17  Queen  
  83  5:26  Overlord  
  83  5:28  Hatchery  
  82  5:31  Drone x4  
  82  5:33  Zergling x4  
  82  5:34  Overlord  
  82  5:35  Drone x4  
  92  5:40  Overlord, Evolution Chamber x2  
  90  5:43  Centrifical Hooks  
  89  5:56  Drone x2  
  90  6:00  Extractor, Zergling x20  
  90  6:01  Extractor  
  98  6:05  Drone  
  98  6:11  Overlord, Zerg Ground Armor Level 1, Zerg Melee Weapons Level 1  
  98  6:13  Drone x2  
  100  6:23  Zergling x6  
  103  6:26  Drone x3  
  103  6:30  Hydralisk Den  
  105  6:35  Drone  
  105  6:37  Extractor  
  105  6:42  Zergling x10  
  105  6:44  Overseer  
  105  6:46  Baneling x4  
  110  6:48  Drone x6  
  110  6:50  Pneumatized Carapace  
  110  6:52  Overlord  
  110  6:53  Zergling x6  
  118  6:54  Zergling x2  
  118  6:56  Drone  
  118  6:58  Zergling x6  
  118  6:59  Muscular Augments, Queen  
  125  7:02  Overlord  
  125  7:13  Baneling x6  
  125  7:17  Overlord  
  125  7:18  Zergling x10  
  125  7:19  Zergling x8  
  131  7:33  Drone x3  
  131  7:34  Drone x2  
  131  7:36  Hydralisk x5  
  146  7:42  Hydralisk x6  
  146  7:43  Hydralisk  
  158  7:45  Overlord  
  158  7:54  Overlord  
  158  7:59  Spore Crawler, Drone  
  158  8:03  Infestation Pit  
  158  8:04  Zerg Ground Armor Level 2  
  157  8:07  Zerg Melee Weapons Level 2  
  157  8:09  Drone x3  
  157  8:10  Drone x2  
  157  8:11  Extractor  
  161  8:18  Zergling x20  
  161  8:19  Hatchery  
  163  8:27  Hydralisk x5  
  163  8:31  Baneling x4  
  169  8:36  Overlord  
  169  8:38  Zergling x2  
  169  8:39  Zergling x10  
  175  8:45  Hive  
  175  8:50  Spire, Extractor  
  175  8:51  Overlord x2  
  173  9:01  Zergling x20  
  183  9:07  Overlord  
  183  9:17  Zergling x20  
  192  9:36  Drone  
  192  9:37  Drone x9  
  192  9:38  Drone  
  191  9:48  Drone x3  
  191  9:49  Drone x2  
  196  9:54  Zergling x6  
  196  9:56  Overlord  
  195  10:04  Hydralisk x3  
  195  10:05  Hydralisk x9  
  179  10:09  Zergling x2  
  179  10:11  Greater Spire  
  178  10:16  Drone x4  
  178  10:22  Zergling x2  
  178  10:23  Overseer, Zergling x16  
  187  10:33  Hydralisk x2  
  187  10:34  Zergling x6  
  187  10:35  Zergling x6  
  194  10:39  Drone x2  
  194  10:42  Baneling x11  
  194  10:45  Overlord  
  189  10:57  Zergling x2  
  189  10:58  Zergling x22  
  196  11:05  Grooved Spines  
  196  11:06  Zerg Ground Armor Level 3  
  196  11:07  Zerg Melee Weapons Level 3  
  196  11:08  Queen  
  197  11:17  Zergling x6  
  200  11:21  Baneling x6  
  200  11:22  Baneling x8  
  200  11:24  Extractor, Zerg Flyer Weapons Level 1  
  182  11:40  Zergling x38  
  196  11:53  Hydralisk x6  
  199  11:54  Zergling x2  
  195  12:05  Zergling x8  
  195  12:06  Baneling  
  195  12:07  Baneling x11  
  191  12:16  Zergling x18  
  191  12:17  Zergling x2  
  191  12:21  Hydralisk x2  
  191  12:22  Zergling x10  
  187  12:25  Overseer  
  187  12:26  Hydralisk  
  167  12:37  Corruptor  
  167  12:38  Corruptor x5  
  167  12:41  Corruptor x3  
  167  12:43  Drone x2  
  185  12:50  Corruptor  
  187  13:00  Hatchery  
  186  13:06  Baneling x2  
  186  13:07  Baneling x6  
  186  13:10  Brood Lord x7  
  199  13:13  Overseer  
  199  13:16  Extractor  
  199  13:17  Spore Crawler  
  199  13:18  Spine Crawler  
  199  13:19  Spine Crawler, Drone  
  197  13:20  Drone x3  
  197  13:23  Baneling x3  
  199  13:30  Pathogen Glands, Zerg Flyer Weapons Level 2  
  199  13:32  Baneling x7  
  199  13:37  Overseer  
  188  13:55  Zergling x12  
  188  13:56  Zergling x12  
  188  14:00  Brood Lord  
  188  14:01  Baneling x9  
  188  14:02  Baneling  
  199  14:05  Zerg Missile Weapons Level 1  
  199  14:21  Corruptor  
  199  14:22  Corruptor, Zergling x2  
  191  14:27  Corruptor x7  
  191  14:28  Zergling x16  
  191  14:29  Hydralisk x4  
  191  14:30  Zergling x12  
  184  14:35  Corruptor  
  184  14:36  Zergling x4  
  185  14:43  Viper  
  188  14:47  Hydralisk x3  
  188  14:49  Drone x3  
  188  14:50  Drone x3  
  198  14:55  Drone x3  
  197  15:01  Viper  
  200  15:09  Baneling x3  
  200  15:10  Baneling x7  
  191  15:22  Drone x10  
  186  15:44  Zergling x2  
  186  15:45  Zergling x28  
  186  15:46  Baneling x7  
  186  15:49  Zerg Flyer Weapons Level 3  
  199  15:51  Baneling x2  
  193  16:14  Baneling x11  
  193  16:15  Baneling x7  
  193  16:16  Corruptor x3  
  191  16:25  Zergling x24  
  188  16:34  Brood Lord  
  188  16:35  Brood Lord x2  
  188  16:36  Corruptor  
  169  16:48  Corruptor  
  169  16:49  Corruptor x3  
  163  17:03  Overseer  
  163  17:04  Viper x3  
  172  17:10  Drone x4  
  172  17:12  Drone x2  
  172  17:14  Zergling x18  
  188  17:15  Zergling x2  
  188  17:16  Zergling x2  
  188  17:21  Extractor  
  188  17:22  Extractor  
  187  17:25  Brood Lord  
  187  17:28  Drone x4  
  193  17:31  Zergling x6  
  193  17:32  Zergling x4  
  198  17:46  Baneling x3  
  198  17:47  Overseer, Baneling x4  
  198  17:50  Baneling x10  
  198  17:53  Spore Crawler  
  198  17:54  Spore Crawler  
  194  17:58  Baneling  
  194  17:59  Baneling x4  
  194  18:05  Corruptor x3  
  194  18:13  Corruptor  
  194  18:17  Zergling x2  
  194  18:18  Overlord  
  194  18:19  Overlord x2  
  196  18:26  Zergling x26  
  195  18:27  Overseer  
  193  18:38  Infestor x3  
  199  18:47  Extractor  
  198  18:49  Baneling x2  
  198  18:50  Baneling x6  
  198  18:52  Spore Crawler  
  196  19:07  Baneling x2  
  196  19:08  Baneling x8  
  196  19:12  Baneling x8  
  196  19:13  Zergling x2  
  196  19:14  Zergling x4  
  197  19:32  Zergling x6  
  200  19:44  Corruptor x2  
  200  19:53  Hatchery  
  199  20:02  Zerg Flyer Armor Level 1  
  199  20:07  Zergling x2  
  199  20:18  Hydralisk x9  
  199  20:19  Zergling x4  
  199  20:20  Hydralisk  
  197  20:40  Zergling x6  
  200  20:43  Baneling x6  
  198  21:23  Zergling x2, Hydralisk  
  198  21:24  Zergling x10, Hydralisk  
  198  21:25  Extractor, Zergling x8  
  198  21:28  Extractor, Hydralisk x8  
  191  21:34  Corruptor x3, Zergling x2  
  191  21:35  Zergling x12  
  191  21:36  Overseer  
  196  21:40  Overlord  
  196  21:41  Overlord x3  
  196  21:43  Zergling x2  
  196  21:46  Baneling x8  
  191  21:49  Overlord  
  191  22:04  Brood Lord x2  
  191  22:06  Zergling x10  
  200  22:10  Baneling x7  
  200  22:16  Overseer  
  200  22:18  Hatchery  
  200  22:20  Overseer x2  
  199  22:23  Zerg Flyer Armor Level 2  
  199  22:38  Baneling x12  
  198  22:47  Zergling x2  
  198  22:48  Zergling x2  
  196  23:03  Spore Crawler  
  196  23:05  Spore Crawler  
  193  23:06  Zergling x14  
  196  23:13  Drone x4  
  199  23:27  Drone x3  
  191  23:41  Zergling x18  
  191  23:42  Zergling x2  
  191  23:46  Baneling x2  
  191  23:47  Baneling x6  
  199  23:51  Spore Crawler  
  198  24:02  Extractor  
  197  24:04  Extractor  
  186  24:19  Adrenal Glands  
  186  24:21  Zergling x28  
  186  24:22  Zergling x2  
  194  24:25  Corruptor x3  
  197  24:36  Baneling x7  
  186  24:46  Corruptor x7  
  186  24:50  Baneling x10  
  197  24:53  Corruptor  
  197  25:01  Corruptor  
  199  25:11  Baneling x9  
  177  25:36  Corruptor x9, Zergling x2  
  177  25:37  Zergling x6  
  177  25:39  Overlord x3  
  194  25:54  Overlord  
  190  25:57  Baneling x8  
  190  26:02  Hydralisk x4  
  190  26:03  Zergling x2  
  195  26:09  Overlord  
  193  26:12  Zergling x2, Hydralisk  
  193  26:13  Zergling x12  
  193  26:17  Zergling x6  
  200  26:22  Overlord  
  197  26:36  Baneling  
  197  26:37  Baneling x15  
  192  26:44  Hatchery, Brood Lord x2  
  170  26:47  Overseer  
  170  26:48  Brood Lord x4  
  178  27:00  Brood Lord x2  
  182  27:03  Zergling x12  
  188  27:15  Hydralisk x3  
  188  27:20  Overseer x3  
  193  27:29  Hydralisk x2  
  196  27:30  Zergling x2  
  196  27:36  Infestor  
  196  27:37  Zergling x12  
  167  27:57  Hydralisk x3  
  167  27:58  Zergling x8  
  154  28:03  Zergling x6  
  139  28:08  Zergling x2, Hydralisk  
  120  28:18  Zergling x2  
  120  28:19  Zergling x10  
  123  28:22  Zergling x4  
  123  28:25  Hydralisk  
  126  28:29  Zergling x4  
  103  28:42  Baneling  
  103  28:43  Baneling  
  100  28:51  Zergling x4  
  100  28:55  Baneling  
  98  29:09  Baneling  
  98  29:11  Baneling  
Show
View Real Time Build Order
Export as new Build Order

HeroMarine Terran - Winner!

Build Orders: Gas First Reaper Expand, Liberator Opening 

Get SALT Encoding   

  12  0:00  SCV  
  13  0:12  SCV  
  14  0:17  Supply Depot  
  14  0:24  SCV  
  15  0:28  Refinery  
  15  0:38  SCV  
  16  0:44  Barracks  
  16  0:50  SCV  
  17  1:03  SCV  
  18  1:15  SCV  
  19  1:31  Reaper  
  19  1:32  Orbital Command  
  20  1:43  Command Center  
  20  1:54  Factory  
  20  1:58  SCV  
  21  2:07  Barracks Reactor  
  21  2:10  SCV  
  21  2:14  Supply Depot  
  22  2:18  Refinery  
  22  2:22  SCV  
  23  2:36  SCV  
  24  2:45  Starport  
  24  2:48  SCV  
  24  2:49  Hellion x2  
  29  2:58  Orbital Command  
  29  3:00  SCV  
  30  3:06  Liberator  
  30  3:10  Hellion x2  
  30  3:12  SCV  
  35  3:24  SCV  
  35  3:25  SCV  
  40  3:29  Barracks Tech Lab  
  40  3:33  Hellion  
  42  3:40  SCV x2  
  41  3:49  Marine, Stimpack  
  41  3:53  SCV  
  41  3:54  SCV  
  46  3:59  Supply Depot  
  42  4:03  Liberator  
  42  4:06  SCV x2  
  42  4:07  Marine  
  42  4:09  Command Center  
  45  4:21  Factory Tech Lab  
  45  4:22  SCV x2  
  50  4:25  Supply Depot, Marine  
  51  4:34  SCV x2  
  53  4:39  Barracks x2  
  53  4:42  Marine  
  54  4:46  Siege Tank  
  54  4:47  Supply Depot, SCV x2  
  59  4:59  SCV x2  
  61  5:00  Marine  
  61  5:02  Engineering Bay  
  61  5:03  Engineering Bay  
  61  5:04  Refinery  
  61  5:05  Refinery  
  61  5:06  Starport Reactor  
  62  5:11  SCV x2  
  64  5:18  Marine  
  65  5:23  SCV  
  65  5:24  SCV, Orbital Command  
  67  5:33  Marine x2, Barracks Reactor  
  67  5:35  Terran Infantry Weapons Level 1, Terran Infantry Armor Level 1  
  69  5:36  Marine, SCV x2  
  72  5:48  SCV x2  
  72  5:49  Supply Depot  
  74  5:50  Starport Reactor, Marine, Combat Shield, Orbital Command  
  74  5:51  Marine  
  74  5:53  Marine x2  
  78  6:00  SCV x2  
  78  6:01  Marine, Siege Tank  
  84  6:08  Marine  
  85  6:12  Marine x3, SCV x2  
  90  6:18  Marine  
  90  6:21  Armory  
  90  6:22  Supply Depot  
  90  6:24  SCV x3  
  85  6:28  Barracks  
  85  6:29  Barracks  
  85  6:31  Medivac x2  
  85  6:32  Marine x2  
  91  6:36  SCV x2  
  91  6:39  Factory Reactor  
  93  6:40  Supply Depot  
  93  6:43  SCV  
  93  6:45  Marine x2  
  93  6:46  Supply Depot  
  96  6:48  SCV x2  
  96  6:51  Supply Depot, Marine  
  96  6:52  Marine  
  96  6:53  Supply Depot  
  100  6:56  SCV  
  101  7:02  Marauder, SCV x2, Medivac x2  
  101  7:07  Marine x2  
  101  7:08  SCV  
  112  7:09  Supply Depot  
  112  7:14  SCV x2  
  114  7:16  Supply Depot, Widow Mine x2  
  114  7:17  Barracks Reactor x2  
  114  7:20  SCV  
  119  7:24  Marine  
  119  7:25  Marine x3  
  119  7:29  SCV x2  
  124  7:31  Marine  
  124  7:32  Terran Infantry Weapons Level 2  
  124  7:35  Refinery  
  124  7:36  Factory  
  125  7:38  Supply Depot  
  125  7:39  Supply Depot  
  125  7:42  Marine x2  
  125  7:43  Marine  
  125  7:44  Marauder  
  125  7:45  Widow Mine x2  
  125  7:49  Marine  
  130  7:55  Command Center  
  130  7:57  Marine x2  
  132  7:59  Marine x2  
  132  8:00  Marine x2  
  132  8:05  Marauder, Missile Turret  
  138  8:08  Widow Mine x2  
  138  8:09  Terran Vehicle And Ship Armor Level 1  
  142  8:19  Marine x2  
  131  8:20  Supply Depot, Marine x3  
  131  8:21  Drilling Claws  
  131  8:22  Widow Mine, Marine  
  131  8:27  Marauder  
  138  8:28  Marine x2  
  138  8:37  Marine x3  
  138  8:38  Marine x2  
  138  8:40  Widow Mine x2, Marine  
  141  8:41  Medivac x2  
  141  8:48  Marauder  
  147  8:55  Marine  
  147  8:56  Barracks x2, Marine x2  
  147  8:57  Widow Mine, Marine x2  
  147  8:59  Barracks  
  147  9:01  Marine x3  
  157  9:06  Sensor Tower  
  157  9:09  Marauder, SCV x3  
  160  9:13  Marine  
  160  9:15  Widow Mine x2  
  160  9:16  Medivac x2  
  167  9:23  Marine x7  
  174  9:27  Widow Mine  
  174  9:28  Supply Depot  
  174  9:31  Marine, Marauder  
  178  9:34  Planetary Fortress  
  178  9:37  Widow Mine  
  178  9:41  Marine x5  
  178  9:42  Widow Mine  
  184  9:48  Barracks Tech Lab x3  
  184  9:49  Widow Mine  
  184  9:50  Marine x2  
  184  9:51  Marine  
  184  9:52  Marauder, Medivac  
  193  9:58  Widow Mine  
  193  9:59  Marine x2  
  196  10:04  Widow Mine  
  196  10:05  Marine x2  
  196  10:06  Marine x2  
  163  10:10  Marine x3, Widow Mine  
  163  10:11  Marauder x2  
  163  10:14  Marauder  
  166  10:19  Widow Mine  
  168  10:25  Marauder  
  168  10:27  Marine x2  
  174  10:28  Terran Infantry Weapons Level 3  
  174  10:32  Marauder  
  174  10:33  Marauder  
  174  10:35  Marauder  
  180  10:36  Terran Infantry Armor Level 2  
  180  10:39  Medivac  
  180  10:40  Marine x2  
  182  10:43  Medivac  
  182  10:44  SCV  
  182  10:45  Refinery x2, SCV x3  
  182  10:46  Marauder  
  182  10:49  Marine x2, Concussive Shells  
  188  10:54  Marauder  
  188  10:55  Marine x2  
  188  10:56  Marine x2  
  188  10:57  Marine x2, SCV  
  184  10:58  Marine  
  184  10:59  Widow Mine x2  
  184  11:00  Widow Mine  
  184  11:09  Marauder  
  185  11:12  SCV  
  185  11:13  Refinery, SCV x2  
  185  11:15  Marauder  
  185  11:18  Starport  
  190  11:19  Fusion Core, Viking, Starport  
  190  11:22  Viking  
  194  11:28  Marine  
  194  11:39  Marine x2, Marauder  
  180  11:42  Marine  
  180  11:43  Marine  
  180  11:45  Command Center  
  180  11:46  Widow Mine x2  
  180  11:47  Widow Mine  
  185  11:53  Marauder  
  185  11:54  Marine x2  
  157  11:57  Medivac  
  157  11:58  Medivac  
  157  11:59  Starport Reactor, Starport Tech Lab, Marine x2  
  157  12:01  Marine x2, Marauder x2  
  161  12:02  Marauder  
  161  12:04  Marine x2  
  161  12:07  Liberator  
  162  12:10  Liberator  
  162  12:12  Marine x2  
  162  12:15  Marauder  
  160  12:17  Marine x2  
  160  12:19  Marine x2  
  160  12:22  Marine x2, Marauder x2  
  153  12:24  Marauder  
  153  12:29  Marine  
  150  12:30  Marine  
  150  12:33  Liberator  
  150  12:34  Marine  
  150  12:35  Marine  
  150  12:36  Marauder  
  140  12:37  Marine x2  
  140  12:39  Marine x2  
  140  12:42  Liberator  
  140  12:43  Marauder  
  140  12:44  Advanced Ballistics, Marauder, Medivac  
  148  12:45  Terran Vehicle And Ship Armor Level 2, Marine  
  148  12:47  Marine  
  148  12:48  Refinery, Marine  
  148  12:50  Liberator  
  150  12:52  Widow Mine x3, Marine x2  
  150  12:55  Liberator, Marine x2  
  150  12:57  Marine x3  
  163  12:59  Supply Depot  
  163  13:00  Supply Depot  
  163  13:02  Marine  
  163  13:04  Marine x2  
  163  13:05  Marine x2  
  170  13:10  Marine x2  
  170  13:12  Marine  
  179  13:14  Supply Depot  
  180  13:20  Marine x4  
  180  13:21  Marine  
  191  13:33  Command Center, Viking x2  
  195  13:37  Marine x2  
  195  13:39  Marauder x3  
  197  13:42  Viking  
  199  13:49  Sensor Tower  
  196  13:58  Viking  
  196  13:59  Viking  
  200  14:15  Terran Infantry Armor Level 3  
  199  14:17  Marine  
  186  14:25  Liberator x3  
  186  14:27  Marauder  
  186  14:28  Viking x2  
  186  14:30  Marauder x2  
  186  14:31  Marine x3  
  164  14:32  Marine x2  
  164  14:36  Marauder  
  158  14:40  Liberator  
  158  14:41  Marine x3  
  158  14:44  Widow Mine x3  
  175  14:48  Marauder  
  175  14:52  Marine x3, Marauder  
  182  14:54  Marine x2  
  182  14:57  Marine x2  
  189  15:01  Terran Ship Weapons Level 1  
  189  15:02  Viking  
  189  15:05  Refinery, Widow Mine  
  189  15:06  Refinery  
  193  15:13  Marauder  
  193  15:14  Marauder  
  194  15:16  Marauder x2  
  198  15:21  Liberator  
  198  15:22  Liberator  
  198  15:31  Viking  
  198  15:32  Planetary Fortress  
  198  15:38  Sensor Tower  
  196  15:55  Ghost Academy, Marauder x2  
  198  16:12  Viking  
  200  16:28  Marauder  
  200  16:30  SCV x2  
  200  16:31  SCV x3  
  189  16:33  Viking  
  189  16:34  Command Center, Viking x2  
  195  16:42  SCV  
  195  16:45  Viking x2  
  195  16:46  Marine  
  195  16:47  Marine  
  165  16:50  Liberator x2  
  142  16:55  Marine x5  
  142  16:56  Marine  
  146  17:03  Viking  
  146  17:04  Marine  
  146  17:05  Ghost x4  
  155  17:13  Liberator x2  
  152  17:25  Liberator  
  152  17:33  Ghost x3  
  152  17:34  Ghost, Marine x2  
  170  17:37  Marine  
  170  17:39  Marine  
  175  17:56  Command Center  
  173  18:07  Ghost  
  173  18:08  Ghost  
  177  18:15  Planetary Fortress  
  175  18:23  Ghost  
  166  18:34  Liberator  
  166  18:37  Ghost x2, Missile Turret  
  170  18:42  Ghost, Missile Turret  
  170  18:46  Liberator  
  172  18:49  Liberator  
  172  18:52  Ghost  
  177  18:55  Personal Cloaking  
  180  19:12  Ghost x2  
  180  19:13  Liberator x2  
  180  19:26  Missile Turret  
  180  19:27  Refinery  
  180  19:29  Refinery  
  186  19:37  Terran Ship Weapons Level 2  
  184  19:46  Medivac x2  
  184  19:48  Marauder x2  
  192  19:54  Planetary Fortress  
  190  20:09  Liberator x2  
  190  20:10  Liberator  
  177  20:26  Medivac x2  
  177  20:28  Marauder x2  
  185  20:33  SCV x3  
  188  20:36  SCV  
  186  20:43  Liberator  
  186  20:45  Ghost  
  188  20:50  Widow Mine  
  188  20:53  Widow Mine  
  188  20:55  Liberator  
  192  21:02  SCV  
  192  21:04  SCV  
  117  21:47  Viking x4  
  117  21:51  Ghost x4  
  125  21:56  Viking  
  125  21:57  Widow Mine x2  
  125  21:58  Widow Mine  
  125  22:00  Liberator, Marine  
  125  22:01  Marine x6  
  135  22:02  Marine  
  135  22:06  Liberator  
  141  22:17  Viking  
  141  22:18  Liberator, Marine  
  141  22:19  Ghost x3, Liberator  
  162  22:42  Orbital Command  
  164  22:44  Marine x2, Marauder  
  164  22:46  Marine x2  
  164  22:47  Marine x4  
  164  22:48  Marine, Marauder  
  164  22:49  Marauder  
  164  22:50  Liberator  
  172  23:02  Marine x2  
  172  23:04  Marine x2  
  172  23:05  Ghost  
  178  23:06  Liberator, Ghost, Marine x2  
  178  23:08  Marine x2  
  187  23:13  Marine  
  187  23:14  Marine  
  186  23:23  Marine  
  186  23:24  Marine  
  191  23:31  Ghost  
  191  23:32  Viking, Orbital Command  
  191  23:33  Viking  
  194  23:35  Liberator  
  194  23:37  Viking  
  194  23:38  Marine x2  
  189  23:44  Marine x3  
  189  23:45  Marine x2  
  194  23:54  Marine x2  
  199  24:10  Marine  
  199  24:15  Terran Ship Weapons Level 3  
  194  24:27  Supply Depot x3  
  194  24:29  Supply Depot  
  194  24:31  Liberator x2  
  185  24:48  Viking x2  
  185  24:49  Widow Mine x3  
  200  24:59  Marine  
  200  25:03  Marine x2  
  198  25:17  Command Center  
  178  25:37  Ghost x2  
  178  25:38  Ghost, Marine x2, Marauder  
  178  25:40  Viking  
  178  25:41  Marine x2  
  189  25:45  Marine  
  189  25:48  Marine x2  
  192  25:50  Marine  
  192  25:56  Marine x2  
  191  25:59  Ghost  
  188  26:06  Marine, Marauder  
  188  26:07  Marine  
  188  26:11  Marine x2  
  187  26:12  Marine x2  
  187  26:13  Ghost  
  187  26:17  Marine  
  188  26:29  Liberator  
  188  26:33  Marine x2  
  188  26:34  SCV x3  
  188  26:35  Ghost x2  
  188  26:37  Marine  
  188  26:38  Marine  
  189  26:53  Marauder  
  189  26:54  Marauder  
  191  26:56  Marine x2  
  193  27:04  Marine x2  
  193  27:05  Marauder  
  199  27:08  Marauder  
  199  27:12  Marine  
  199  27:15  Marine x2  
  190  27:17  Marine x2  
  194  27:23  Orbital Command  
  194  27:27  Marine  
  191  27:30  Marine  
  191  27:33  Marine  
  191  27:34  Marine  
  194  27:40  Marine x3  
  194  27:41  Marine x2  
  191  27:44  Marine  
  141  28:07  Marine x2  
  141  28:09  Marine x2  
  141  28:11  Marauder  
  138  28:13  Marauder  
  138  28:16  Marine x3  
  138  28:17  Marauder  
  140  28:20  Marine  
  140  28:21  Marine  
  140  28:33  Marauder  
  135  28:37  Marine  
  135  28:38  Marine, Medivac  
  135  28:39  Medivac x3  
  146  28:42  Marine  
  146  28:46  Marine  
  146  28:47  Missile Turret  
  146  28:56  Marine x2  
  146  28:57  Marine x2  
  146  28:58  Marine x2  
  146  29:01  Marine  
  148  29:05  Marine  
  148  29:09  Marine x2  
  145  29:13  Marine x2  
Tags
 
Add a new tag
Caveats
  • Supply blocks, unpowered buildings, or Contaminate may cause inaccurate times.
  • Supply counts are checked every 10 seconds.